 Dungeon Crawl Stone Soup version 0.24-a0-521-g122614bf49 (webtiles) character file.

Game seed: 10415272806039140780

311 mishael the Chopper (level 6, -4/52 HPs)
             Began as a Draconian Fighter on July 28, 2019.
             Was a Follower of Nemelex Xobeh.
             Slain by an ogre
             ... wielding a cursed -1 giant club
              (12 damage)
             ... on level 4 of the Dungeon.
             The game lasted 00:08:32 (4494 turns).

mishael the Chopper (Draconian Fighter)             Turns: 4494, Time: 00:08:33

Health: -4/52      AC:  7    Str: 21    XL:     6   Next: 18%
Magic:  6/6        EV: 10    Int:  8    God:    Nemelex Xobeh [*.....]
Gold:   208        SH:  9    Dex: 10    Spells: 5/5 levels left

rFire    . . .     SeeInvis .   a - +1 war axe
rCold    . . .     Gourm    .   b - +0 shield
rNeg     . . .     Faith    .   (armour unavailable)
rPois    .         Spirit   .   (helmet restricted)
rElec    .         Reflect  .   (no cloak)
rCorr    .         Harm     .   (no gloves)
MR       .....                  g - +0 pair of boots
Stlth    +.........             (no amulet)
HPRegen  0.17/turn              (no ring)
MPRegen  0.10/turn              (no ring)

@: no status effects
A: unfitting armour, cold-blooded, AC +6
a: Draw Escape, Draw Destruction, Draw Summoning, Renounce Religion


You were on level 4 of the Dungeon.
You worshipped Nemelex Xobeh.
Nemelex Xobeh was aware of your devotion.
You were hungry.

You visited 1 branch of the dungeon, and saw 4 of its levels.

You collected 208 gold pieces.

Inventory:

Hand Weapons
 a - a +1 war axe (weapon)
Armour
 b - a +0 shield (worn)
 g - a +0 pair of boots (worn)
Jewellery
 q - a +2 ring of dexterity {unknown}
 r - an uncursed amulet of faith {unknown}
Scrolls
 e - a scroll of fear {unknown}
 f - a scroll of enchant weapon
 h - 3 scrolls of immolation {unknown}
 i - 2 scrolls of identify {unknown}
 j - 2 scrolls of remove curse {unknown}
 l - a scroll of magic mapping {unknown}
 o - a scroll of amnesia {unknown}
 p - a scroll of enchant armour {unknown}
Potions
 c - a potion of might
 k - a potion of lignification {unknown}
 m - a potion of curing {unknown}
 n - 2 potions of agility {unknown}
Comestibles
 d - 9 rations


   Skills:
 + Level 4.2 Fighting
 * Level 5.1 Axes
 - Level 2.6 Dodging
 + Level 0.9 Stealth
 + Level 4.1 Shields


You had 5 spell levels left.
You didn't know any spells.
Your spell library was empty.

Dungeon Overview and Level Annotations

Branches:
Dungeon (4/15)
 Temple: D:4-7

Altars:
Fedhas
Gozag
Nemelex Xobeh
Xom
Zin

Annotations:
D:3 2 runed translucent doors, Yorgos's ghost, amateur DsAK


Innate Abilities, Weirdness & Mutations

Your plain brown scales are hard. (AC +6)
You cannot fit into any form of body armour.
You are cold-blooded and may be slowed by cold attacks.


Message History

You are too injured to fight recklessly!
You are too injured to fight recklessly!
You are too injured to fight recklessly!
You are too injured to fight recklessly!
You are too injured to fight recklessly!
You are too injured to fight recklessly!
You are too injured to fight recklessly!
You are too injured to fight recklessly!
You are too injured to fight recklessly!
You are too injured to fight recklessly!
An orc comes into view. It is wielding a +0 hand axe.
You block the orc's attack. The orc barely misses you.
The orc hits you with a +0 hand axe.
* * * LOW HITPOINT WARNING * * *
An ooze comes into view.
An adder skeleton comes into view.
The ooze moves out of view.
The ogre hits you with a cursed -1 giant club!
You die...
Your body disappears without a glow.

......#................## ####
.......#........(........###..##
.....#.........................#
....##................<##....###
..#......#..................#
(.....#...Z.......####.#.##
#....###....##....######..#
.)##..##....#.....##.###... ..
#......@.####.##....#...
#..###O.## #####.#.....
#o######.....##..##
...#.g.#.#.......#.##
.........gg...##..####
...####..###..#...>.# . ## ##..
#....##..# #.##..######.....#.##
.....# #.........


You could see an ogre, an orc and an adder skeleton.

Vanquished Creatures
  A howler monkey (D:4)
  An orc wizard (D:3)
  A centaur skeleton (D:4)
  4 adders
  8 gnolls
  An ooze (D:3)
  2 dart slugs (D:1)
  7 leopard geckos
  9 orcs
  5 giant cockroaches
  6 goblins
  5 hobgoblins
  5 jackals
  4 quokkas
  A ball python (D:3)
  5 bats
  3 frilled lizards
  6 kobolds
  12 rats
86 creatures vanquished.

Notes
Turn   | Place    | Note
-------+----------+-------------------------------------------
     0 | D:1      | mishael the Draconian Fighter began the quest for the Orb.
     0 | D:1      | Reached XP level 1. HP: 19/19 MP: 1/1
   185 | D:1      | Reached XP level 2. HP: 20/26 MP: 2/2
  1254 | D:2      | Found a faded altar of an unknown god.
  1259 | D:2      | Reached XP level 3. HP: 25/31 MP: 3/3
  1345 | D:2      | Reached skill level 3 in Axes
  2013 | D:2      | Reached XP level 4. HP: 25/39 MP: 4/4
  2695 | D:2      | Reached skill level 4 in Axes
  2946 | D:2      | Reached XP level 5. HP: 30/46 MP: 5/5
  3152 | D:2      | Found an opulent altar of Gozag.
  3573 | D:3      | Found a sparkling altar of Nemelex Xobeh.
  3640 | D:3      | Became a worshipper of Nemelex Xobeh the Trickster
  3674 | D:3      | Received a gift from Nemelex Xobeh
  3736 | D:3      | Noticed an angel
  3739 | D:3      | Found a glowing silver altar of Zin.
  3740 | D:3      | Found a shimmering altar of Xom.
  3782 | D:3      | Found a large runed translucent door.
  3783 | D:3      | Found a large runed translucent door.
  3790 | D:3      | Noticed Yorgos's ghost (amateur DsAK)
  4103 | D:3      | Found a blossoming altar of Fedhas.
  4385 | D:4      | Reached * piety under Nemelex Xobeh
  4404 | D:4      | Reached XP level 6. HP: 43/52 MP: 6/6
  4415 | D:4      | Reached skill level 5 in Axes
  4494 | D:4      | Slain by an ogre

Levels and vault maps discovered:
D:1:      elethiomel_arrival_shortcut, layout_basic, minmay_domino_2
D:2:      layout_rooms, chequers_ecumenical_altar_simple_redux,
          grunt_gozag_breadcrumbs
D:3:      layout_loops_ring, nemelex_xobeh_ov_fountains_minmay,
          grunt_temple_overflow_order_and_chaos_1, first_ration,
          ebering_ghost_disaster_area, serial_park_tiny_1, minmay_misc_feat_iff,
          fedhas_altar_fruit_tree
D:4:      layout_cave_pools, minmay_temple_entry_hall,
          kennysheep_generic_room_7, uniq_sigmund

Skill      XL: |  1  2  3  4  5  6 |
---------------+-------------------+-----
Axes           | 3 4 5 |  5.1
Fighting       | 4 |  4.2
Shields        | 4 |  4.1
Dodging        | |  2.6
Stealth        | |  0.9

Action                   |  1- 3 |  4- 6 || total
-------------------------+-------+-------++-------
Melee: War axe           |    87 |   164 ||   251
       Tailslap          |     8 |    23 ||    31
  Use: Scroll            |     1 |       ||     1
  Eat: Chunk             |     3 |     8 ||    11
Armor: Skin              |    32 |    57 ||    89
Dodge: Dodged            |    56 |    87 ||   143
Block: Shield            |    71 |    96 ||   167

Table legend:
 A = Non-vault XP
 B = Vault XP
 C = Vault XP percentage of total XP
 D = Non-vault monster count
 E = Vault monster count
 F = Vault count percentage of total count
                 A         B        C        D         E       F
            +---------+---------+-------+---------+---------+-------
      Total |     444 |       1 |   0.2 |      85 |       1 |   1.2
            +---------+---------+-------+---------+---------+-------
        D:1 |      48 |       1 |   2.0 |      19 |       1 |   5.0
        D:2 |     162 |       0 |   0.0 |      30 |       0 |   0.0
        D:3 |     107 |       0 |   0.0 |      26 |       0 |   0.0
        D:4 |     127 |       0 |   0.0 |      10 |       0 |   0.0
            +---------+---------+-------+---------+---------+-------
